 Dungeon Crawl Stone Soup version 0.27.0-1-g7a089689b8 (webtiles) character file.

Game seed: 16388795750732403691

195 Descartes the Covert (level 5, -2/27 HPs)
             Began as a Spriggan Delver on Aug 14, 2021.
             Slain by an orc (5 damage)
             ... on level 3 of the Dungeon.
             The game lasted 00:06:13 (3176 turns).

Descartes the Covert (Spriggan Delver)              Turns: 3176, Time: 00:06:14

Health: -2/27      AC:  5    Str: 15    XL:     5   Next: 45%
Magic:  6/6        EV: 18    Int: 11    God:
Gold:   182        SH:  0    Dex: 17    Spells: 4/4 levels left

rFire    . . .     SeeInvis +   b - +0 hunting sling
rCold    . . .     Faith    .   (shield restricted)
rNeg     . . .     Spirit   .   p - +0 robe
rPois    .         Reflect  .   (helmet restricted)
rElec    .         Harm     .   q - +2 cloak
rCorr    .         Rampage  .   (gloves unavailable)
Will     .....                  (boots unavailable)
Stlth    +++++.....             (no amulet)
HPRegen  0.09/turn              u - +6 ring of strength
MPRegen  0.10/turn              (no ring)

@: hasted, very quick
A: very small, no large weapons, unfitting armour, see invisible, speed 3
a: no special abilities


You were on level 3 of the Dungeon.
You visited 1 branch of the dungeon, and saw 5 of its levels.

You collected 182 gold pieces.

Inventory:

Hand Weapons
 a - a +0 short sword
 b - a +0 hunting sling (weapon)
 s - a +0 shortbow
Missiles
 k - 14 poisoned darts (quivered)
 m - 63 stones (quivered ammo)
 v - 5 boomerangs
Armour
 p - a +0 robe (worn)
 q - a +2 cloak (worn)
Jewellery
 u - a +6 ring of strength (left hand)
Wands
 g - a wand of digging (9)
Scrolls
 c - a scroll of fog
 d - a scroll of magic mapping
 e - 2 scrolls of fear
 h - 6 scrolls of identify {unknown}
 i - a scroll of enchant armour {unknown}
 n - a scroll of summoning {unknown}
 o - a scroll of blinking {unknown}
 t - a scroll of enchant weapon {unknown}
Potions
 j - 2 potions of invisibility {unknown}
 l - a potion of heal wounds {unknown}
 r - a potion of ambrosia {unknown}


   Skills:
 - Level 2.4 Fighting
 - Level 2.1 Short Blades
 + Level 4.0 Dodging
 + Level 10.5 Stealth


You had 4 spell levels left.
You didn't know any spells.
Your spell library contained the following spells:

 Spells                   Type           Power      Damage    Failure   Level
 Summon Small Mammal      Summ           0%         N/A       34%         1
 Call Canine Familiar     Summ           0%         N/A       71%         3
 Summon Guardian Golem    Hex/Summ       0%         N/A       71%         3


Dungeon Overview and Level Annotations

Branches:
Dungeon (5/15)
 Temple: D:4-7

Altars:

Annotations:
D:4 Pikel


Innate Abilities, Weirdness & Mutations

You are very small and have problems with some larger weapons.
You are too small for most types of armour.
You have supernaturally acute eyesight. (SInv)
You cover ground extremely quickly. (Speed+++)


Message History

The orc shouts!
The stone hits the orc priest.
The orc priest is lightly wounded.
You hear a shout!
You shoot a stone. The stone barely misses the orc priest.
The orc priest invokes the aid of Beogh against you.
Beogh smites you!
You hear a shout!
You shoot a stone. The stone hits the orc.
The orc is moderately wounded.
You shoot a stone.
The stone hits the orc but does no damage.
The orc is moderately wounded.
You shoot a stone.
The stone hits the orc but does no damage.
The orc is moderately wounded.
The orc priest looks braver for a moment.
You shoot a stone.
The stone hits the orc but does no damage.
The orc is moderately wounded.
You shoot a stone. The stone hits the orc.
The orc is severely wounded.
The orc priest calls down the wrath of Beogh upon you.
Beogh smites you!
Ouch! That really hurt!
* * * LOW HITPOINT WARNING * * *
The orc barely misses you.
You feel yourself speed up.
The orc priest calls upon Beogh to heal the orc.
The orc is healed somewhat.
The orc priest hits you but does no damage.
The orc closely misses you. The orc wizard misses you.
Found a scroll of magic mapping.
Found an inky potion.
Found a dagger.
You see here a stone.
The orc wizard mumbles some strange words.
The orc wizard flickers and vanishes for a moment.
The orc hits you with a +0 war axe.
You die...

#...(........#
##...(.(..[##.####
#.......>.........
#....(..o:..((.((.
#....o(.....######
#.#####(.........#
######.### #.((.......#
#........# #..o.......J
#.....@o.# #.....o....#
#........######..#.....
#.............o.......#
#!.......########..#.##
#.....?..# #..........
########## #.###......
#.####..... #........#.
#.....##...


You could see an orc.

Vanquished Creatures
  2 hounds (D:5)
  Terence (D:3)
  5 adders
  A worm (D:3)
  5 orcs (D:3)
  9 endoplasms
  A giant cockroach (D:1)
  3 goblins
  2 hobgoblins
  5 jackals (D:1)
  4 ball pythons
  9 bats
  A frilled lizard (D:3)
  6 kobolds
  5 rats
59 creatures vanquished.

Notes
Turn   | Place    | Note
-------+----------+-------------------------------------------
     0 | D:5      | Descartes the Spriggan Delver began the quest for the Orb.
     0 | D:5      | Reached XP level 1. HP: 11/11 MP: 2/2
    21 | D:5      | Noticed a hound
    25 | D:5      | Killed a hound
    26 | D:5      | Reached skill level 8 in Stealth
    26 | D:5      | Reached XP level 2. HP: 16/16 MP: 3/3
    26 | D:5      | Reached XP level 3. HP: 19/19 MP: 4/4
    53 | D:5      | Reached skill level 9 in Stealth
   270 | D:4      | Noticed Pikel
   270 | D:4      | Noticed a lemure
   270 | D:4      | Noticed a lemure
   272 | D:4      | Noticed a lemure
   272 | D:4      | Noticed a lemure
   433 | D:3      | Noticed Terence
   436 | D:3      | Reached XP level 4. HP: 23/23 MP: 5/5
   439 | D:3      | Killed Terence
   593 | D:3      | Reached skill level 10 in Stealth
   628 | D:1      | Found a faded altar of an unknown god.
  1791 | D:2      | Reached XP level 5. HP: 27/27 MP: 6/6
  3176 | D:3      | Slain by an orc

Illustrated notes

Levels and vault maps discovered:
D:1:      dpeg_arrival_simpleton_b, layout_basic,
          hellmonk_ecumenical_altar_run_dry, minmay_hexomino_p4
D:2:      wad_crossroads, layout_rooms, hex_intersection
D:3:      layout_rooms, uniq_terence
D:4:      layout_rooms, feat_on_display, uniq_ijyb, uniq_grinder, uniq_pikel
D:5:      layout_loops_cross, gammafunk_ghost_cemetery

Skill      XL: |  1  2  3  4  5 |
---------------+----------------+-----
Stealth        | 8 9 10 | 10.5
Dodging        | 3 4 |  4.0
Fighting       | |  2.4
Short Blades   | |  2.1

Action                   |  1- 3 |  4- 6 || total
-------------------------+-------+-------++-------
Melee: Short sword       |    16 |   177 ||   193
 Fire: Hunting sling     |       |    58 ||    58
  Use: Potion            |       |     1 ||     1
 Stab: Sleeping          |     5 |    17 ||    22
Armor: Robe              |     1 |    30 ||    31
Dodge: Dodged            |     8 |   183 ||   191
